 Dungeon Crawl Stone Soup version 0.22.1-5-g62c59d919a (webtiles) character file.

88058 Peloso the Peltast (level 15, -41/138 HPs)
             Began as a Minotaur Fighter on Jan 15, 2019.
             Was the Champion of Okawaru.
             Annihilated by an enormous slime creature (64 damage)
             ... on level 14 of the Dungeon.
             The game lasted 01:07:54 (26437 turns).

Peloso the Peltast (Minotaur Fighter)              Turns: 26437, Time: 01:07:54

Health: -41/138    AC: 46    Str: 26    XL:     15   Next: 45%
Magic:  15/15      EV:  8    Int: 14    God:    Okawaru [******]
Gold:   1611       SH: 11    Dex: 11    Spells: 14/14 levels left

rFire    + + .     SeeInvis +   a - +7 demon blade "Syibrycue" {flame, rPois Int+4 SInv}
rCold    + + .     Gourm    .   F - +3 warlock's mirror {reflect}
rNeg     + . .     Faith    .   V - +15 gold dragon scales of Caofu {rPois rF+ rC+ Int+5}
rPois    +         Spirit   .   l - +2 hat
rElec    .         Reflect  +   C - +1 cloak
rCorr    .         Harm     .   M - +1 pair of gloves of the Gloaming {rF+ rC+ rN+ SInv}
MR       ++...                  K - +2 pair of boots of the Assassin {Detection Stab+ Stlth++}
Stlth    ..........             (no amulet)
HPRegen  0.33/turn              U - ring of protection from magic
MPRegen  0.14/turn              (no ring)

@: no status effects
A: retaliatory headbutt, horns 2
a: Heroism, Finesse, Renounce Religion


You were on level 14 of the Dungeon.
You worshipped Okawaru.
Okawaru was exalted by your worship.
You were not hungry.

You visited 4 branches of the dungeon, and saw 23 of its levels.
You visited 1 bazaar.

You collected 2274 gold pieces.
You spent 663 gold pieces at shops.

Inventory:

Hand Weapons
 a - the +7 demon blade "Syibrycue" (weapon) {flame, rPois Int+4 SInv}
   (You found it on level 4 of the Lair of Beasts)

   It has been specially enchanted to burn those struck by it, causing extra
   injury to most foes and up to half again as much damage against particularly
   susceptible opponents.
   Big, fiery blades are also staple armaments of hydra-hunters.
   It affects your intelligence (+4).
   It protects you from poison.
   It lets you see invisible.
 b - a +2 double sword of electrocution
Armour
 l - a +2 hat (worn)
 C - a +1 cloak (worn)
 F - the +3 warlock's mirror (worn) {reflect}
   (You bought it in a shop in a bazaar)
 K - the +2 pair of boots of the Assassin (worn) {Detection Stab+ Stlth++}
   (Okawaru gifted it to you on level 2 of the Orcish Mines)

   It makes you much more stealthy.
 M - the +1 pair of gloves of the Gloaming (worn) {rF+ rC+ rN+ SInv}
   (Okawaru gifted it to you on level 1 of the Lair of Beasts)

   It protects you from fire.
   It protects you from cold.
   It protects you from negative energy.
   It lets you see invisible.
 V - the +15 gold dragon scales of Caofu (worn) {rPois rF+ rC+ Int+5}
   (You found it on level 6 of the Lair of Beasts)

   It affects your intelligence (+5).
   It protects you from fire.
   It protects you from cold.
   It protects you from poison.
Jewellery
 g - an uncursed ring of protection from cold {unknown}
 n - an uncursed ring of flight
 s - an uncursed ring of protection from fire
 t - an uncursed ring of magical power {unknown}
 U - a ring of protection from magic (left hand)
Wands
 k - a wand of flame (20)
 w - a wand of paralysis (10)
 x - a wand of random effects (18)
Scrolls
 c - 3 scrolls of identify
 e - 11 scrolls of teleportation
 j - 3 scrolls of enchant armour {unknown}
 p - 7 scrolls of remove curse
 q - 8 scrolls of blinking {unknown}
 u - 2 scrolls of fog
 v - a scroll of fear
 y - 3 scrolls of amnesia
 A - 4 scrolls of silence {unknown}
 B - 6 scrolls of magic mapping {unknown}
 D - 2 scrolls of vulnerability {unknown}
 E - 8 scrolls of enchant weapon {unknown}
 P - 4 scrolls of brand weapon {unknown}
 R - 3 scrolls of noise
Potions
 d - 5 potions of might
 h - a potion of mutation
 i - 7 potions of heal wounds
 m - 7 potions of curing
 r - 2 potions of flight
 G - 5 potions of agility
Comestibles
 f - 52 rations
 o - 4 chunks of flesh


   Skills:
 + Level 14.2 Fighting
 + Level 16.1 Long Blades
   Level 4.9 Axes
 + Level 14.9 Armour
 + Level 6.8 Dodging
 + Level 3.7 Stealth
 + Level 16.7 Shields
 + Level 2.1 Invocations
 + Level 1.1 Evocations


You had 14 spell levels left.
You didn't know any spells.
Your spell library contained the following spells:

 Spells                   Type           Power        Failure   Level  Hunger
 Animate Skeleton         Necr           N/A          100%        1    ##.....
 Infusion                 Chrm           #...         100%        1    ##.....
 Magic Dart               Conj           #...         100%        1    ##.....
 Pain                     Necr           #...         100%        1    ##.....
 Searing Ray              Conj           #.....       100%        2    ###....
 Shroud of Golubria       Chrm/Tloc      #.........   100%        2    ###....
 Song of Slaying          Chrm           #.......     100%        2    ###....
 Dazzling Spray           Conj/Hex       #.....       100%        3    ####...
 Regeneration             Chrm/Necr      #.........   100%        3    ####...
 Spectral Weapon          Hex/Chrm       #.......     100%        3    ####...
 Vampiric Draining        Necr           #.........   100%        3    ####...
 Animate Dead             Necr           N/A          100%        4    #####..
 Force Lance              Conj/Tloc      #.......     100%        4    #####..
 Fulminant Prism          Conj/Hex       #.........   100%        4    #####..
 Iskenderun's Mystic Bla  Conj           #.......     100%        4    #####..


Dungeon Overview and Level Annotations

Branches:
Dungeon (14/15)            Temple (1/1) D:4            Lair (6/6) D:11
  Swamp (0/4) Lair:3       Spider (0/4) Lair:2        Slime (0/5) Lair:6
    Orc (2/2) D:9             Elf (0/3) Orc:2        Vaults (0/5) D:13

Altars:
Ashenzari
Cheibriados
Dithmenos
Elyvilon
Fedhas
Gozag
Hepliaklqana
Kikubaaqudgha
Makhleb
Nemelex Xobeh
Okawaru
Qazlal
Ru
Sif Muna
Trog
Uskayaw
Vehumet
Wu Jian
Xom
Zin
The Shining One
Beogh

Shops:
D:6 *   D:10 :   Orc:2 (([[}(:


Innate Abilities, Weirdness & Mutations

You reflexively headbutt those who attack you in melee.
You have a pair of horns on your head.


Message History

The enormous slime creature barely misses you.
You slash the enormous slime creature! You burn the enormous slime creature.
The enormous slime creature is heavily wounded.
You block the slime creature's attack. The enormous slime creature hits you!!!
Unknown command.
You slash the enormous slime creature! You burn the enormous slime creature.
The enormous slime creature is heavily wounded.
The slime creature hits you but does no damage.
Unknown command.
You slash the enormous slime creature! You burn the enormous slime creature.
You headbutt the enormous slime creature.
The enormous slime creature is severely wounded.
The enormous slime creature hits you!!!
* * * LOW HITPOINT WARNING * * *
Unknown command.
Okay, then.
You feel much better.
A soldier ant comes into view.
You block the slime creature's attack. The enormous slime creature hits you!!!
You die...

############
#........J@#
#.########J#
#.# #.# #.#
#.# #.# ..a
#.#### #.#
#.#.. #.#
#.#.# #.#
#.#.##


You could see an enormous slime creature, a slime creature and a soldier ant.

Vanquished Creatures
  Saint Roka (Orc:2)
  Rupert (Lair:4)
  2 vault guards (D:13)
  6 hydras
  A merfolk avatar (Lair:6)
  2 catoblepae
  2 tengu warriors (D:13)
  4 two-headed ogres
  3 orc high priests (Orc:2)
  6 death yaks
  6 skeletal warriors
  A lindwurm (Lair:4)
  2 wizards (D:13)
  Pikel (D:7)
  The ghost of tensugalgo the Slicer, a novice HaSk (D:7)
  A necromancer (D:13)
  A harpy (Lair:6)
  An orc knight (Orc:2)
  An ugly thing (D:10)
  2 manticores
  6 elephants (Lair:6)
  6 black mambas
  A torpor snail (Lair:4)
  2 gargoyles
  5 rime drakes
  23 spiny frogs
  7 komodo dragons
  A queen bee (Lair:2)
  5 hornets
  Grinder (D:5)
  9 trolls
  2 wind drakes (Lair:6)
  5 polar bears (Lair:6)
  A slime creature (D:14)
  14 blink frogs
  Prince Ribbit (D:5)
  6 hippogriffs
  7 dream sheep (Lair:6)
  2 shadows
  40 yaks
  4 wyverns
  20 humans
  2 fire bats (Lair:6)
  3 basilisks
  2 steam dragons
  5 vampire mosquitoes
  Menkaure (D:6)
  3 wargs
  2 acid dragons
  4 insubstantial wisps (Lair:3)
  Duvessa (D:6)
  16 porcupines
  17 water moccasins
  36 orc warriors
  4 swamp drakes
  6 sky beasts
  An ice beast (D:8)
  An eye of draining (D:10)
  2 black bears
  4 phantoms
  13 ogres
  2 necrophages (D:10)
  32 wolves
  4 centaurs
  15 crocodiles
  Blork the orc (D:5)
  2 big kobolds (D:8)
  16 bullfrogs
  2 gnoll sergeants
  2 scorpions
  2 wyvern skeletons (D:13)
  Dowan (D:6)
  22 killer bees
  10 wights
  2 howler monkeys
  10 electric eels
  5 crimson imps
  2 centaur zombies (D:12)
  6 hounds
  A quasit (D:13)
  21 jellies
  22 orc priests
  22 orc wizards
  3 centaur skeletons
  Crazy Yiuf (D:3)
  Jessica (D:2)
  Ijyb (D:5)
  4 iguanas
  7 worker ants
  2 killer bee zombies (D:9)
  2 hound zombies
  2 hound skeletons (D:11)
  Robin (D:2)
  A worker ant zombie (D:11)
  6 gnolls
  A howler monkey zombie (D:7)
  9 adders
  A howler monkey skeleton (D:5)
  3 shadow imps
  2 adder skeletons
  7 leopard geckos
  115 orcs
  2 giant cockroaches
  6 hobgoblins
  4 jackals
  15 kobolds
  5 quokkas
  3 ball pythons
  4 bats
  2 frilled lizards
  A giant cockroach zombie (D:4)
  16 goblins
  A leopard gecko skeleton (D:6)
  A leopard gecko zombie (D:5)
  5 rats
  A plant (Lair:5)
773 creatures vanquished.

Vanquished Creatures (others)
  A crimson imp (D:10)
  An orc (D:11)
  A butterfly (Lair:3)
  8 fungi
  17 plants
28 creatures vanquished.

Grand Total: 801 creatures vanquished

Notes
Turn   | Place    | Note
-------+----------+-------------------------------------------
     0 | D:1      | Peloso the Minotaur Fighter began the quest for the Orb.
     0 | D:1      | Reached XP level 1. HP: 19/19 MP: 0/0
   223 | D:1      | Reached XP level 2. HP: 24/27 MP: 1/1
   448 | D:2      | Found a deep blue altar of Sif Muna.
   482 | D:2      | Noticed Robin
   505 | D:2      | Reached XP level 3. HP: 25/33 MP: 2/2
   518 | D:2      | Killed Robin
   939 | D:2      | Found a deep blue altar of Sif Muna.
  1012 | D:2      | Noticed Jessica
  1017 | D:2      | Killed Jessica
  1017 | D:2      | Reached XP level 4. HP: 41/41 MP: 3/3
  1534 | D:3      | Noticed a phantom
  1560 | D:3      | Killed a phantom
  1560 | D:3      | Reached XP level 5. HP: 37/47 MP: 4/4
  1582 | D:3      | Found a runed door.
  1737 | D:3      | Found an ornate altar of the Wu Jian Council.
  1959 | D:3      | Noticed Crazy Yiuf
  1965 | D:3      | Killed Crazy Yiuf
  1965 | D:3      | Reached skill level 5 in Fighting
  2120 | D:3      | Reached skill level 1 in Dodging
  2131 | D:3      | Reached skill level 5 in Armour
  2307 | D:4      | Reached XP level 6. HP: 56/56 MP: 5/5
  2834 | D:4      | Reached skill level 5 in Long Blades
  2834 | D:4      | Reached skill level 5 in Shields
  2889 | D:4      | Found a staircase to the Ecumenical Temple.
  2909 | D:4      | Reached XP level 7. HP: 54/61 MP: 6/6
  2921 | Temple   | Entered the Ecumenical Temple
  3010 | Temple   | Became a worshipper of Warmaster Okawaru
  3681 | D:5      | Entered Level 5 of the Dungeon
  3733 | D:5      | Found a shadowy altar of Dithmenos.
  3737 | D:5      | Got a scorched amber ring
  3742 | D:5      | Noticed Ijyb
  3748 | D:5      | Killed Ijyb
  3791 | D:5      | Reached * piety under Okawaru
  3846 | D:5      | Noticed Prince Ribbit
  3854 | D:5      | Reached XP level 8. HP: 56/70 MP: 7/7
  3895 | D:5      | Killed Prince Ribbit
  4279 | D:5      | Noticed Blork the orc
  4280 | D:5      | Noticed Grinder
  4281 | D:5      | Paralysed by Grinder for 3 turns
  4289 | D:5      | Killed Blork the orc
  4289 | D:5      | Reached ** piety under Okawaru
  4296 | D:5      | Paralysed by Grinder for 6 turns
  4308 | D:5      | Killed Grinder
  4384 | D:5      | Identified the ring of Cuutorgh {*Tele +Fly rPois Slay+2
                  | Stlth+} (You found it on level 5 of the Dungeon)
  4417 | D:6      | Found Olas's General Store.
  4524 | D:6      | Found a burning altar of Makhleb.
  4526 | D:6      | Found a shattered altar of Ashenzari.
  4550 | D:6      | Found a sparkling altar of Nemelex Xobeh.
  4604 | D:6      | Noticed a two-headed ogre
  4612 | D:6      | Killed a two-headed ogre
  4612 | D:6      | Reached *** piety under Okawaru
  4612 | D:6      | Reached XP level 9. HP: 68/77 MP: 5/8
  4613 | D:6      | Noticed Dowan
  4616 | D:6      | Noticed Duvessa
  4619 | D:6      | Killed Dowan
  4622 | D:6      | Killed Duvessa
  5831 | D:6      | HP: 3/78 [electric eel/bolt of electricity (8)]
  6517 | D:6      | Noticed Menkaure
  6523 | D:6      | Killed Menkaure
  6629 | D:7      | Noticed tensugalgo's ghost (novice HaSk)
  6807 | D:7      | Found a runed door.
  6970 | D:7      | Noticed Pikel
  6977 | D:7      | Killed Pikel
  6977 | D:7      | Reached **** piety under Okawaru
  6977 | D:7      | Reached skill level 10 in Armour
  6977 | D:7      | Reached skill level 1 in Evocations
  7190 | D:7      | Reached XP level 10. HP: 78/84 MP: 9/9
  7643 | D:8      | Reached skill level 10 in Long Blades
  8071 | D:8      | Noticed a two-headed ogre
  8084 | D:8      | Killed a two-headed ogre
  8084 | D:8      | Reached ***** piety under Okawaru
  8356 | D:9      | Reached skill level 1 in Invocations
  9140 | D:9      | Found a staircase to the Orcish Mines.
  9301 | D:9      | Received a gift from Okawaru
  9306 | D:9      | Got a faintly glowing chain mail {god gift}
  9317 | D:9      | Identified the +1 chain mail "Afitt" {rC- rCorr Dex+5
                  | Stlth+} (Okawaru gifted it to you on level 9 of the
                  | Dungeon)
  9335 | D:10     | Entered Level 10 of the Dungeon
  9642 | D:10     | Found Xaetih's Book Shoppe.
  9656 | D:10     | Reached XP level 11. HP: 83/94 MP: 10/10
  9667 | D:10     | Reached skill level 10 in Shields
  9744 | D:10     | Noticed a two-headed ogre
  9749 | D:10     | Killed a two-headed ogre
 10590 | D:11     | Noticed a cyan ugly thing
 10591 | D:11     | Reached skill level 1 in Stealth
 10664 | D:10     | Killed a cyan ugly thing
 10951 | D:11     | Noticed a two-headed ogre
 10959 | D:11     | Killed a two-headed ogre
 10959 | D:11     | Received a gift from Okawaru
 11041 | D:11     | Noticed a skeletal warrior
 11042 | D:11     | Noticed a skeletal warrior
 11154 | D:10     | Killed a skeletal warrior
 11154 | D:10     | Reached XP level 12. HP: 95/105 MP: 9/12
 11172 | D:10     | Reached skill level 10 in Fighting
 11299 | D:11     | Received a gift from Okawaru
 11342 | D:11     | Found a gateway to a bazaar.
 11354 | Bazaar   | Entered a bazaar
 11354 | Bazaar   | Found Goyrotej's Jewellery Boutique.
 11361 | Bazaar   | Found Yngie's General Store.
 11383 | Bazaar   | Found Heaskani's Antique Weapon Boutique.
 11394 | Bazaar   | Found Wanan's Antique Armour Emporium.
 11402 | Bazaar   | Found Divis's Distillery.
 11460 | Bazaar   | Bought the +3 warlock's mirror {reflect} for 600 gold
                  | pieces
 11460 | Bazaar   | Found the +3 warlock's mirror {reflect}
 11481 | Bazaar   | Bought a potion of might for 28 gold pieces
 11481 | Bazaar   | Bought a potion of heal wounds for 35 gold pieces
 11580 | D:11     | Found a staircase to the Lair.
 12251 | D:7      | Killed tensugalgo's ghost
 12343 | Lair:1   | Entered Level 1 of the Lair of Beasts
 12432 | Lair:1   | Noticed a five-headed hydra
 13495 | D:12     | Noticed a five-headed hydra
 13698 | Orc:1    | Entered Level 1 of the Orcish Mines
 14011 | Orc:1    | Found a radiant altar of Vehumet.
 14219 | Orc:2    | Entered Level 2 of the Orcish Mines
 14219 | Orc:2    | Found a staircase to the Elven Halls.
 14507 | Orc:2    | Noticed an orc high priest
 14525 | Orc:2    | Killed an orc high priest
 14701 | Orc:2    | Found a roughly hewn altar of Beogh.
 15019 | Orc:2    | Reached skill level 5 in Dodging
 15437 | Orc:2    | Noticed an orc high priest
 15484 | Orc:2    | Killed an orc high priest
 15660 | Orc:2    | Noticed Saint Roka
 15714 | Orc:2    | Killed Saint Roka
 15714 | Orc:2    | Received a gift from Okawaru
 15714 | Orc:2    | Reached XP level 13. HP: 26/115 MP: 11/13
 15715 | Orc:2    | Found the +2 pair of boots of the Assassin {Detection Stab+
                  | Stlth++}
 16110 | Orc:2    | Found Himme's Antique Weapon Shop.
 16111 | Orc:2    | Found a roughly hewn altar of Beogh.
 16114 | Orc:2    | Found Malap's Antique Armour Boutique.
 16244 | Orc:2    | Found a roughly hewn altar of Beogh.
 16251 | Orc:2    | Found Muzxinn's Weapon Boutique.
 16367 | Orc:2    | Found Hudexzaedgh's Antique Armour Emporium.
 16401 | Orc:2    | Found Disilo's Antique Weapon Shoppe.
 16425 | Orc:2    | Found Xeulix's Book Shoppe.
 16451 | Orc:2    | Found a roughly hewn altar of Beogh.
 16506 | Orc:2    | Found a roughly hewn altar of Beogh.
 16544 | Orc:2    | Found Kuubav's Gadget Emporium.
 17678 | Lair:1   | Reached skill level 1 in Axes
 17727 | Lair:1   | Received a gift from Okawaru
 17777 | Lair:1   | Got a pair of scorched gloves {god gift}
 17783 | Lair:1   | Identified the +1 pair of gloves of the Gloaming {rF+ rC+
                  | rN+ SInv} (Okawaru gifted it to you on level 1 of the Lair
                  | of Beasts)
 18527 | Lair:2   | Found a hole to the Spider Nest.
 19784 | Lair:3   | Found a staircase to the Swamp.
 20185 | Lair:3   | Reached XP level 14. HP: 116/126 MP: 14/14
 20327 | Lair:3   | Reached skill level 15 in Shields
 21023 | Lair:4   | Got an iridescent demon blade
 21024 | Lair:4   | Identified the +7 demon blade "Syibrycue" {flame, rPois
                  | Int+4 SInv} (You found it on level 4 of the Lair of Beasts)
 21157 | Lair:4   | Reached ****** piety under Okawaru
 21186 | Lair:4   | Noticed Rupert
 21204 | Lair:4   | Paralysed by Rupert for 2 turns
 21221 | Lair:4   | Paralysed by Rupert for 3 turns
 21225 | Lair:4   | Killed Rupert
 21225 | Lair:4   | Received a gift from Okawaru
 21225 | Lair:4   | Reached skill level 15 in Long Blades
 21652 | Lair:4   | Found a shattered altar of Ashenzari.
 22736 | Lair:6   | Entered Level 6 of the Lair of Beasts
 22747 | Lair:6   | Received a gift from Okawaru
 22768 | Lair:6   | Got an iridescent long sword {god gift}
 22827 | Lair:6   | Identified the +8 long sword "Umnetu" {freeze, *Contam rN+
                  | Str+2} (Okawaru gifted it to you on level 6 of the Lair of
                  | Beasts)
 23487 | Lair:6   | Received a gift from Okawaru
 23594 | Lair:6   | Reached XP level 15. HP: 118/135 MP: 15/15
 23834 | Lair:6   | Received a gift from Okawaru
 24218 | Lair:6   | Got pitted gold dragon scales
 24276 | Lair:6   | Found a staircase to the Slime Pits.
 24490 | Lair:6   | Identified the +15 gold dragon scales of Caofu {rPois rF+
                  | rC+ Int+5} (You found it on level 6 of the Lair of Beasts)
 25625 | D:13     | Found a gate to the Vaults.
 26160 | D:14     | Found a hide-covered altar of Uskayaw.
 26359 | D:14     | Found a blossoming altar of Fedhas.
 26436 | D:14     | HP: 4/137 [enormous slime creature (60)]
 26437 | D:14     | Annihilated by an enormous slime creature

Skill      XL: |  1  2  3  4  5  6  7  8  9 10 11 12 13 14 15 |
---------------+----------------------------------------------+-----
Shields        | 4 5 6 8 9 11 13 14 16 | 16.7
Armour         | 4 5 6 8 10 11 12 13 14 | 14.9
Fighting       | 4 5 6 8 9 11 12 13 14 | 14.2
Long Blades    | 3 4 5 6 8 9 11 12 14 15 16 | 16.1
Dodging        | 1 2 3 4 5 6 |  6.8
Evocations     | 1 |  1.1
Invocations    | 1 2 |  2.1
Stealth        | 1 2 3 |  3.7
Axes           | 3 4 |  4.9

Action                   |  1- 3 |  4- 6 |  7- 9 | 10-12 | 13-15 || total
-------------------------+-------+-------+-------+-------+-------++-------
Melee: Long sword        |    61 |    61 |       |       |       ||   122
       Headbutt          |    11 |    22 |    39 |   291 |   335 ||   698
       Falchion          |       |    29 |   212 |   862 |   457 ||  1560
       Scimitar          |       |       |       |   112 |       ||   112
       War axe           |       |       |       |       |    54 ||    54
       Demon blade       |       |       |       |       |   585 ||   585
Invok: Heroism           |       |       |     1 |     8 |     2 ||    11
Evoke: Wand              |       |       |     9 |       |       ||     9
  Use: Scroll            |       |     8 |     1 |     7 |     6 ||    22
       Potion            |       |       |       |     2 |     2 ||     4
 Stab: Sleeping          |       |       |       |       |     6 ||     6
       Distracted        |       |       |       |       |     2 ||     2
       Petrifying        |       |       |       |       |     1 ||     1
       Confused          |       |       |       |       |     1 ||     1
  Eat: Chunk             |       |     6 |    12 |    20 |    24 ||    62
       Ration            |       |       |       |     3 |     3 ||     6
Armor: Scale mail        |    28 |    38 |    41 |       |       ||   107
       Chain mail        |       |       |    28 |   235 |   351 ||   614
       Gold dragon scale |       |       |       |       |   105 ||   105
Dodge: Dodged            |    26 |    43 |    72 |   402 |   523 ||  1066
Block: Shield            |    41 |    55 |   112 |   318 |       ||   526
       Buckler           |       |       |       |   214 |   604 ||   818
       Reflection        |       |       |       |     9 |     7 ||    16
       Rpst.: Long sword |     7 |     6 |       |       |       ||    13
       Falchion          |       |     5 |    22 |    82 |    69 ||   178
       Scimitar          |       |       |       |    16 |       ||    16
       Demon blade       |       |       |       |       |    59 ||    59
